 Dungeon Crawl Stone Soup version bcrawl-1.15.1 (webtiles) character file.

Game seed: 3225623455282119342

1526 MisterOstroum the Reanimator (level 8, -13/51 HPs)
             Began as a Fairy Necromancer on Sept 27, 2019.
             Killed by divine providence
             ... invoked by an orc priest
              (15 damage)
             ... on level 6 of the Dungeon.
             The game lasted 00:12:01 (5441 turns).

MisterOstroum the Reanimator (Fairy Necromancer)    Turns: 5441, Time: 00:12:02

Health: -13/51     AC: 11    Str:  6    XL:     8   Next: 85%
Magic:  0/17       EV: 17    Int: 21    God:
Gold:   164        SH:  5    Dex: 13    Spells: 4/17 levels left

rFire    . . .     SeeInvis +   w - +0 short sword (elec)
rCold    . . .     Gourm    .   (shield restricted)
rNeg     . . .     Faith    .   (armour unavailable)
rPois    .         Spirit   +   d - +0 helmet
rElec    .         Reflect  .   x - scarf {Spirit}
rCorr    .         Harm     .   B - +0 pair of gloves of Recklessness {MR+ SInv}
MR       +....                  (no boots)
Stlth    +.........             (no amulet)
HPRegen  0.17/turn              j - +3 ring of protection
MPRegen  0.15/turn              i - +1 ring of protection (curse)

@: flying evasively, very slightly contaminated, slowed, very slow
A: small, magic attunement, unstealthy, unfitting armour, able to fly, AC/SH +5
a: Stop Flying


You were on level 6 of the Dungeon.
You were not hungry.

You visited 2 branches of the dungeon, and saw 7 of its levels.

You collected 377 gold pieces.
You spent 213 gold pieces at shops.

Inventory:

Hand Weapons
 w - a +0 short sword of electrocution (weapon)
Missiles
 c - 941 stones (quivered)
Armour
 d - a +0 helmet (worn)
 x - a scarf of spirit shield (worn)
 y - a +0 shield
 B - the +0 pair of gloves of Recklessness (worn) {MR+ SInv}
   (You bought it in a shop on level 5 of the Dungeon)

   It affects your resistance to hostile enchantments.
   It lets you see invisible.
Jewellery
 i - a cursed +1 ring of protection (right hand)
 j - a +3 ring of protection (left hand)
 n - an uncursed ring of protection from fire
 D - a cursed ring of attention {unknown}
Scrolls
 b - a scroll of fog {!r}
 f - 3 scrolls of identify {@r1}
 g - a scroll of enchant armour {unknown}
 o - 3 scrolls of remove curse {unknown}
 p - 2 scrolls of teleportation {@r3 !r}
 q - 2 scrolls of fear {unknown}
 r - a scroll of amnesia
 u - 2 scrolls of magic mapping
 C - a scroll of immolation {unknown}
Potions
 a - a potion of might {unknown}
 h - a potion of brilliance {unknown}
 k - 7 potions of heal wounds {unknown}
 l - a potion of degeneration {unknown}
 m - a potion of cancellation {unknown}
 s - 2 potions of mutation {unknown}
 t - a potion of resistance
 v - 2 potions of curing {unknown}
 z - a potion of flight {unknown}
Comestibles
 e - 8 rations {!d}


   Skills:
 + Level 2.4 Fighting
 - Level 2.0 Short Blades
 + Level 3.4 Dodging
 - Level 1.5 Stealth
 + Level 1.5 Shields
 - Level 5.0 Spellcasting
 * Level 7.6 Conjurations
 - Level 8.0 Necromancy


You had 4 spell levels left.
You knew the following spells:

 Your Spells              Type           Power        Failure   Level  Hunger
a - Pain                  Necr           ####         1%          1    None
b - Vampiric Draining     Necr           #####.....   1%          3    None
c - Bolt of Draining      Conj/Necr      #####.....   12%         5    None
d - Animate Dead          Necr           N/A          4%          4    None

Your spell library contained the following spells:

 Spells                   Type           Power        Failure   Level  Hunger
 Animate Skeleton         Necr           N/A          1%          1    None
 Regeneration             Chrm/Necr      ###.......   6%          3    None


Dungeon Overview and Level Annotations

Branches:
Dungeon (6/12)             Temple (1/1) D:4

Altars:
Ashenzari
Dithmenos
Elyvilon
Gozag
Hepliaklqana
Lugonu
Makhleb
Okawaru
Qazlal
Ru
Sif Muna
Trog
Uskayaw
Wu Jian
Yredelemnul
Zin
The Shining One

Shops:
D:5 :[

Annotations:
D:6 Edmund


Innate Abilities, Weirdness & Mutations

Your spells do not cause hunger and MP costs are reduced by 1.
Your bright wings attract enemies. (Stealth-)
You cannot fit into any form of body armour.
Your shimmering scales are hard and can block incoming attacks. (AC +5, SH +5)
You are small and have problems with some larger weapons.
You can fly continuously.


Message History

Casting: Pain (safe; 1% risk of failure)
Confirm with . or Enter, or press ? or * to list all spells.
Aiming: Pain (safe; 1% risk of failure)
Press: ? - help, Shift-Dir - straight line, f/p - orc
Aim: an orc (almost dead, chance to defeat MR: 93%)
The orc writhes in agony!
You kill the orc!
The bullfrog completely misses you.
You hit the bullfrog. Lightning courses through the bullfrog!
The bullfrog is severely wounded.
The bullfrog hits you but does no damage.
The bullfrog snags a nearby centipede with its tongue.
The bullfrog hits you!
You hit the bullfrog. Lightning courses through the bullfrog!
You kill the bullfrog!
You feel your dexterity returning.
Your Shields skill increases to level 1!
The bullfrog misses you.
Casting: Pain (safe; 1% risk of failure)
Confirm with . or Enter, or press ? or * to list all spells.
Aiming: Vampiric Draining (safe; 1% risk of failure)
Press: ? - help, Shift-Dir - straight line, f - bullfrog
Aim: a bullfrog The bullfrog is moderately wounded.
You feel life coursing into your body. The bullfrog hits you.
You closely miss the bullfrog.
The bullfrog is moderately wounded.
The bullfrog misses you. You block the bullfrog's attack.
Casting: Vampiric Draining (safe; 1% risk of failure)
Confirm with . or Enter, or press ? or * to list all spells.
Aiming: Pain (safe; 1% risk of failure)
Press: ? - help, Shift-Dir - straight line, f/p - bullfrog
Aim: a bullfrog (moderately wounded, chance to defeat MR: 84%)
You miscast Pain.
You are very lightly contaminated with residual magic.
Nothing appears to happen.
The bullfrog hits you!
Unknown command.
Casting: Pain (safe; 1% risk of failure)
Confirm with . or Enter, or press ? or * to list all spells.
Aiming: Bolt of Draining (slightly dangerous; 12% risk of failure)
Press: ? - help, Shift-Dir - straight line, f/p - bullfrog
Aim: a bullfrog (moderately wounded)
The bolt of negative energy hits the bullfrog.
The bullfrog is drained!
You kill the bullfrog!
Unknown command.
You start resting.
An orc priest comes into view. It is wielding a +0 quarterstaff.
Casting: Bolt of Draining (slightly dangerous; 12% risk of failure)
Confirm with . or Enter, or press ? or * to list all spells.
You can't see any susceptible monsters within range! (Use Z to cast anyway.)
The orc priest shouts!
The orc priest calls down the wrath of Beogh upon you.
Beogh smites you!
Found 78 stones and a scroll labeled TONUPEO JUSYL.
Casting: Bolt of Draining (slightly dangerous; 12% risk of failure)
Confirm with . or Enter, or press ? or * to list all spells.
You can't see any susceptible monsters within range! (Use Z to cast anyway.)
Casting: Bolt of Draining (slightly dangerous; 12% risk of failure)
Confirm with . or Enter, or press ? or * to list all spells.
Aiming: Bolt of Draining (slightly dangerous; 12% risk of failure)
Press: ? - help, Shift-Dir - straight line, f - orc priest
Aim: an orc priest, wielding a +0 quarterstaff and wearing a +0 leather armour You miscast Bolt of Draining.
You feel yourself slow down.
You feel horribly lethargic.
The orc priest invokes the aid of Beogh against you.
Beogh smites you!
Casting: Bolt of Draining (slightly dangerous; 12% risk of failure)
Confirm with . or Enter, or press ? or * to list all spells.
You don't have enough magic to cast that spell.
Found two stone staircases leading down.
An orc wizard comes into view. It is wielding a +0 dagger.
The orc wizard shouts!
The orc priest mumbles some strange prayers to Beogh against you.
Beogh smites you!
* * * LOW HITPOINT WARNING * * *
You start resting.
The orc priest is too close now for your liking.
Casting: Bolt of Draining (slightly dangerous; 12% risk of failure)
Confirm with . or Enter, or press ? or * to list all spells.
Aiming: Vampiric Draining (safe; 1% risk of failure)
Press: ? - help, Shift-Dir - straight line, f/p - orc priest
Aim: an orc priest, wielding a +0 quarterstaff and wearing a +0 leather armour The orc priest is heavily wounded.
You feel life coursing into your body. The orc priest misses you.
Casting: Vampiric Draining (safe; 1% risk of failure)
Confirm with . or Enter, or press ? or * to list all spells.
Aiming: Pain (safe; 1% risk of failure)
Press: ? - help, Shift-Dir - straight line, f/p - orc priest
Aim: an orc priest, wielding a +0 quarterstaff and wearing a +0 leather armour (heavily wounded, chance to defeat MR: 84%)
The orc priest writhes in agony.
The orc priest hits you but does no damage.
The orc priest mumbles some strange prayers to Beogh against you.
Beogh smites you!
* * * LOW HITPOINT WARNING * * *
You hit the orc priest.
The orc priest is almost dead.
The orc priest calls down the wrath of Beogh upon you.
Beogh smites you!
You die...

###.. ..... #..#
##.. .... #..### ..
... ... #....# ...
#... ..
#.##.###....
#...#.#
#.##...#...(
.......#<##<#......
..................
...###......?.....
##oo@.......#
#.##..?..#.#
#.....##......
#....o ......
#..... ......
.?..... ..#...
..o.... .#...
....... >> ......#


You could see an orc priest and an orc wizard.

Vanquished Creatures
  An ice beast (D:5)
  A phantom (D:5)
  2 ogres (D:4)
  A centaur (D:5)
  3 bullfrogs (D:6)
  2 big kobolds
  A scorpion (D:5)
  A crimson imp (D:5)
  A quasit (D:5)
  2 jellies
  An orc wizard (D:5)
  4 orc priests
  3 hounds
  2 iguanas (D:5)
  5 worker ants
  2 hound skeletons (D:4)
  An adder (D:3)
  A shadow imp (D:5)
  5 worms
  2 dart slugs (D:1)
  3 leopard geckos
  20 orcs
  4 giant cockroaches
  6 goblins
  8 hobgoblins
  8 jackals
  9 kobolds
  A quokka (D:3)
  7 bats
  4 frilled lizards
  A leopard gecko zombie (D:5)
  A quokka skeleton (D:4)
  4 rats
117 creatures vanquished.

Vanquished Creatures (collateral kills)
  A bullfrog skeleton (D:5)
1 creature vanquished.

Grand Total: 118 creatures vanquished

Notes
Turn   | Place    | Note
-------+----------+-------------------------------------------
     0 | D:1      | MisterOstroum the Fairy Necromancer began the quest for the
                  | Orb.
     0 | D:1      | Reached XP level 1. HP: 11/11 MP: 6/6
   207 | D:1      | Reached XP level 2. HP: 15/18 MP: 7/7
   289 | D:1      | Reached skill level 1 in Fighting
   892 | D:1      | Reached XP level 3. HP: 22/23 MP: 9/9
   897 | D:1      | Learned a level 3 spell: Vampiric Draining
  1093 | D:1      | Reached skill level 5 in Necromancy
  1650 | D:2      | Found an opulent altar of Gozag.
  1652 | D:2      | Found a bloodstained altar of Trog.
  1653 | D:2      | Found a burning altar of Makhleb.
  1709 | D:2      | Found a sacrificial altar of Ru.
  1916 | D:2      | Reached XP level 4. HP: 20/29 MP: 3/10
  2151 | D:3      | Reached skill level 6 in Necromancy
  2324 | D:3      | Reached XP level 5. HP: 31/34 MP: 11/11
  2407 | D:3      | Learned a level 5 spell: Bolt of Draining
  2787 | D:3      | Reached skill level 1 in Conjurations
  2862 | D:4      | Reached XP level 6. HP: 35/39 MP: 12/12
  2899 | D:4      | Reached skill level 1 in Short Blades
  2899 | D:4      | Reached skill level 7 in Necromancy
  2938 | D:4      | Reached XP level 7. HP: 38/45 MP: 10/13
  3433 | D:4      | Found a staircase to the Ecumenical Temple.
  3442 | Temple   | Entered the Ecumenical Temple
  3926 | D:5      | Entered Level 5 of the Dungeon
  4006 | D:5      | Learned a level 4 spell: Animate Dead
  4246 | D:5      | Reached XP level 8. HP: 40/50 MP: 12/17
  4282 | D:5      | Reached skill level 5 in Spellcasting
  4381 | D:5      | Reached skill level 5 in Conjurations
  4449 | D:5      | Found Imuff's Book Emporium.
  4656 | D:6      | Reached skill level 8 in Necromancy
  4869 | D:5      | Found Ihywi's Armour Shoppe.
  4877 | D:5      | Bought the +0 pair of gloves of Recklessness {MR+ SInv} for
                  | 213 gold pieces
  5111 | D:5      | Found an iron altar of Okawaru.
  5373 | D:6      | Noticed Edmund
  5423 | D:6      | Reached skill level 1 in Shields
  5440 | D:6      | HP: 1/51 [orc priest/divine providence (16)]
  5441 | D:6      | Killed from afar by an orc priest

Skill      XL: |  1  2  3  4  5  6  7  8 |
---------------+-------------------------+-----
Fighting       | 1 2 |  2.4
Necromancy     | 5 6 7 8 |  8.0
Conjurations   | 1 2 4 7 |  7.6
Short Blades   | 1 2 |  2.0
Spellcasting   | 3 4 5 |  5.0
Dodging        | 3 |  3.4
Shields        | 1 |  1.5
Stealth        | |  1.5

Action                   |  1- 3 |  4- 6 |  7- 9 || total
-------------------------+-------+-------+-------++-------
Melee: Dagger            |     4 |     5 |       ||     9
       Short sword       |       |    29 |    81 ||   110
Throw: Stone             |       |     1 |       ||     1
 Cast: Pain              |    73 |    68 |    75 ||   216
       Vampiric Draining |     2 |    12 |    26 ||    40
       Animate Dead      |       |       |     2 ||     2
       Bolt of Draining  |       |       |     1 ||     1
 Abil: Fly               |       |       |     1 ||     1
       Stop Flying       |       |       |     1 ||     1
  Use: Scroll            |       |     5 |       ||     5
 Stab: Distracted        |       |       |     1 ||     1
  Eat: Chunk             |     3 |     3 |     8 ||    14
Armor: Skin              |     8 |    15 |    39 ||    62
Dodge: Dodged            |    23 |    51 |    90 ||   164
Block: Other             |     2 |    16 |    29 ||    47
